[Event "Titled Tuesday Blitz December 27 Early 2022"]
[White "Goncalves, Davi Sulzbacher"]
[Black "Goltseva, Ekaterina"]
[WhiteFideId "2154510"]
[BlackFideId "24173770"]
[WhiteElo "2282"]
[BlackElo "2283"]
[Result "1-0"]
[Round "11"]
[TimeControl "180+2"]
[Date "2022.12.27"]
[WhiteClock "0:00:43"]
[BlackClock "0:00:18"]

1. Nf3 d5 2. d4 Nf6 3. Bg5 Ne4 4. Bh4 c5 5. e3 Qb6 6. Nbd2 cxd4 7. exd4 Qxb2 8. Rb1 Qc3 9. Bb5+ Nc6 10. O-O Bd7 11. Rb3 Qa5 12. Nxe4 dxe4 13. Ng5 O-O-O 14. Nxf7 Be6 15. Nxd8 Qxd8 16. Rc3 Bd5 17. Bg3 e6 18. Qg4 Qa5 19. Rxc6+ bxc6 20. c4 h5 21. Qf4 Kd7 22. cxd5 Qxb5 23. Qc7+ Ke8 24. dxe6 Be7 25. Qd7+ Kf8 26. Qc8+ Bd8 27. Qxd8# 1-0


[Site "https://www.chess.com"]

[Event "Titled Tuesday Blitz December 27 Early 2022"]
[White "Guha, Eshan"]
[Black "Gatterer, Florian"]
[WhiteFideId "30958628"]
[BlackFideId "811688"]
[WhiteElo "2071"]
[BlackElo "2170"]
[Result "1-0"]
[Round "11"]
[TimeControl "180+2"]
[Date "2022.12.27"]
[WhiteClock "0:00:36"]
[BlackClock "0:00:01"]

1. d4 Nf6 2. c4 e6 3. g3 d5 4. Bg2 dxc4 5. Nf3 Bb4+ 6. Bd2 a5 7. O-O O-O 8. Qc2 b5 9. a4 Bxd2 10. Nbxd2 b4 11. Nxc4 Bb7 12. Rfd1 Be4 13. Qb3 Qd5 14. Rac1 Nbd7 15. Ncd2 Qxb3 16. Nxb3 Bd5 17. Nc5 Nxc5 18. Rxc5 Bb3 19. Ra1 Rfd8 20. e3 Ra7 21. Nd2 Bd5 22. Rac1 Bxg2 23. Kxg2 Ne8 24. Nc4 Rda8 25. Ne5 Kf8 26. b3 f6 27. Nd3 Ke7 28. Rc6 Ra6 29. Nf4 Rxc6 30. Rxc6 Kd7 31. Rc5 Nd6 32. Nd3 Ne4 33. Rc4 Ra6 34. f3 Nd2 35. Nc5+ Ke7 36. Rc2 Nxb3 37. Nxa6 Kd6 38. Nxc7 Nxd4 39. exd4 b3 40. Nb5+ Kd5 41. Rc5# 1-0


[Site "https://www.chess.com"]

[Event "Titled Tuesday Blitz December 27 Early 2022"]
[White "Guliev, Logman"]
[Black "Ambartsumova, Karina"]
[WhiteFideId "13400061"]
[BlackFideId "4166299"]
[WhiteElo "2250"]
[BlackElo "2393"]
[Result "0-1"]
[Round "11"]
[TimeControl "180+2"]
[Date "2022.12.27"]
[WhiteClock "0:00:02"]
[BlackClock "0:00:07"]

1. e4 e5 2. Nf3 Nc6 3. Bb5 Nf6 4. d3 d6 5. O-O Bd7 6. c4 g6 7. Nc3 Bg7 8. Bxc6 Bxc6 9. Nd5 h6 10. Be3 O-O 11. b4 Bd7 12. b5 c6 13. bxc6 bxc6 14. Nxf6+ Qxf6 15. Qc1 Kh7 16. d4 exd4 17. Bxd4 Qe7 18. Bxg7 Kxg7 19. Re1 Be6 20. Nd4 Bd7 21. Re3 Qf6 22. Nb3 c5 23. Qd2 Bc6 24. Rd1 Rfd8 25. Na5 Ba4 26. Rde1 Rab8 27. Rf3 Qe5 28. Rh3 h5 29. f4 Qb2 30. Qe3 Bd7 31. Rg3 h4 32. Rg5 Qxa2 33. Qc3+ Kg8 34. f5 Qb2 35. Qxb2 Rxb2 36. fxg6 f6 37. Rd5 Be6 38. Rd3 Kg7 39. Red1 Rb6 40. Rb3 Kxg6 41. Rbd3 Kf7 42. Kf2 Ke7 43. Ke3 Rdb8 44. R1d2 Rg8 45. Kf4 Rg4+ 46. Kf3 Rg5 47. h3 Rg3+ 48. Kf4 Rxd3 49. Rxd3 Bd7 50. Rb3 Rxb3 51. Nxb3 Be6 52. Na5 Kd7 53. g3 hxg3 54. Kxg3 Kc7 55. h4 Kb6 56. Nb3 Bxc4 57. Nd2 Bf7 58. Kf4 a5 59. Kf5 a4 60. Nb1 Kb5 61. Kxf6 Bh5 62. Ke6 Kb4 63. Kxd6 c4 64. e5 c3 65. Nxc3 Kxc3 66. e6 a3 0-1


[Site "https://www.chess.com"]

[Event "Titled Tuesday Blitz December 27 Early 2022"]
[White "Hasangatin, Ramil"]
[Black "Gurevich, Dmitry"]
[WhiteFideId "4122160"]
[BlackFideId "2000407"]
[WhiteElo "2457"]
[BlackElo "2393"]
[Result "1-0"]
[Round "11"]
[TimeControl "180+2"]
[Date "2022.12.27"]
[WhiteClock "0:00:57"]
[BlackClock "0:00:02"]

1. e4 c5 2. Nf3 d6 3. d4 cxd4 4. Qxd4 a6 5. Be3 e6 6. Nc3 Nf6 7. Be2 Be7 8. Qb6 Qxb6 9. Bxb6 Nbd7 10. Bc7 b5 11. O-O-O Bb7 12. Bxd6 Bxd6 13. Rxd6 b4 14. Na4 Nxe4 15. Rd4 Nxf2 16. Rf1 Ne4 17. Rxb4 Bc6 18. Nd4 Bxa4 19. Rxa4 Ndc5 20. Rc4 Ke7 21. Bf3 f5 22. b4 Na4 23. Bxe4 fxe4 24. Re1 Rhc8 25. Rxc8 Rxc8 26. Rxe4 Rf8 27. Rxe6+ Kd7 28. Rxa6 Nc3 29. Kd2 Nd5 30. a3 Rf2+ 31. Kd3 Rxg2 32. c4 Nf4+ 33. Ke4 Ng6 34. Ra7+ Kc8 35. b5 Rg4+ 36. Kd5 Nf4+ 37. Kc6 Rg6+ 38. Kc5 Nd3+ 39. Kd5 1-0


[Site "https://www.chess.com"]

[Event "Titled Tuesday Blitz December 27 Early 2022"]
[White "Hirneise, Jens"]
[Black "Mikhailovsky, Vladimir"]
[WhiteFideId "24614734"]
[BlackFideId "34105414"]
[WhiteElo "2277"]
[BlackElo "2215"]
[Result "1-0"]
[Round "11"]
[TimeControl "180+2"]
[Date "2022.12.27"]
[WhiteClock "0:00:47"]
[BlackClock "0:00:01"]

1. Nf3 d5 2. e3 Nf6 3. c4 e6 4. Nc3 b6 5. cxd5 exd5 6. d4 Bd6 7. Bd3 O-O 8. O-O c5 9. b3 Nc6 10. dxc5 bxc5 11. Bb2 Bg4 12. Be2 Rc8 13. Nb5 Bb8 14. Rc1 a6 15. Nc3 d4 16. exd4 Bxf3 17. Bxf3 Nxd4 18. g3 Nxf3+ 19. Qxf3 c4 20. Ne4 Nxe4 21. Qxe4 cxb3 22. axb3 Rxc1 23. Rxc1 Qg5 24. Qb7 Qd2 25. Ba3 Re8 26. Rc8 Qe1+ 27. Kg2 Ba7 28. Rxe8+ Qxe8 29. Qxa7 Qe4+ 30. f3 Qc2+ 31. Qf2 Qxb3 32. Qb2 Qxb2+ 33. Bxb2 f6 34. Kf2 Kf7 35. Ke3 Ke6 36. Ke4 h5 37. g4 hxg4 38. fxg4 a5 39. Ba3 a4 40. Kf4 g6 41. h4 Kf7 42. Bb2 Ke6 43. Ke4 Ke7 44. Kf4 Ke6 45. h5 gxh5 46. gxh5 Kf7 47. Kf5 Kg7 48. Bxf6+ Kh6 49. Kg4 a3 50. Bc3 a2 51. Kh4 Kh7 52. Kg5 a1=Q 53. Bxa1 1-0


[Site "https://www.chess.com"]

[Event "Titled Tuesday Blitz December 27 Early 2022"]
[White "Ilkhomi, Jaloliddin"]
[Black "Cruz, William Ferreira Da"]
[WhiteFideId "14700948"]
[BlackFideId "2118050"]
[WhiteElo "1997"]
[BlackElo "2216"]
[Result "0-1"]
[Round "11"]
[TimeControl "180+2"]
[Date "2022.12.27"]
[WhiteClock "0:00:11"]
[BlackClock "0:00:12"]

1. d4 Nf6 2. Nf3 g6 3. c3 Bg7 4. Bg5 h6 5. Bh4 O-O 6. Nbd2 d5 7. e3 a6 8. Bd3 b5 9. O-O Nbd7 10. Qe2 Bb7 11. e4 dxe4 12. Nxe4 Nxe4 13. Bxe4 Bxe4 14. Qxe4 Nf6 15. Bxf6 Bxf6 16. Ne5 Qd6 17. f4 e6 18. Rae1 c5 19. dxc5 Qxc5+ 20. Kh1 Rad8 21. Rd1 Bxe5 22. fxe5 Qc7 23. h3 Rxd1 24. Rxd1 Rd8 25. Rd4 Rxd4 26. Qxd4 Kg7 27. Kg1 Qc6 28. Kf2 a5 29. a3 a4 30. Qd3 Qc5+ 31. Qd4 Qc6 32. h4 h5 33. Kg3 Qb7 34. Qd3 Qc6 35. Qf3 Qc5 36. Qf6+ Kg8 37. Qf4 Qd5 38. Kf2 Qc5+ 39. Qd4 Qc6 40. Kf1 Kg7 41. Kg1 Kg8 42. g4 hxg4 43. Qxg4 Qc5+ 44. Qd4 Qc6 45. h5 gxh5 46. Qd8+ Kg7 47. Qg5+ Kf8 48. Qxh5 Qe4 49. Kf2 Qc2+ 50. Qe2 Qf5+ 51. Ke1 Qb1+ 52. Kf2 Qf5+ 53. Kg3 Qg5+ 54. Kh3 Qf5+ 55. Kh2 Qf4+ 56. Kg1 Qg5+ 57. Kh1 Qh4+ 58. Qh2 Qe1+ 59. Kg2 Qe2+ 60. Kh3 Qxh2+ 61. Kxh2 f5 62. Kg3 Ke7 63. Kf4 Kd7 64. Ke3 Kc6 65. Kd4 Kb6 66. c4 bxc4 67. Kxc4 Kc6 68. Kb4 f4 69. Kc4 f3 70. Kd3 Kd5 71. Ke3 Kxe5 72. b3 axb3 73. Kxf3 b2 74. Ke3 b1=Q 75. Kd2 Qa2+ 76. Kc3 Qxa3+ 77. Kc4 Qd6 78. Kb5 Kf4 79. Kc4 e5 80. Kc3 e4 81. Kc2 e3 82. Kc3 e2 83. Kc4 e1=Q 84. Kb5 Qee7 85. Kc4 Qec7+ 86. Kb3 Qdb6+ 87. Ka4 Qca7# 0-1


[Site "https://www.chess.com"]

[Event "Titled Tuesday Blitz December 27 Early 2022"]
[White "Iskusnyh, Sergei"]
[Black "Janaszak, Dawid"]
[WhiteFideId "4120027"]
[BlackFideId "1119206"]
[WhiteElo "2440"]
[BlackElo "2316"]
[Result "0-1"]
[Round "11"]
[TimeControl "180+2"]
[Date "2022.12.27"]
[WhiteClock "0:00:16"]
[BlackClock "0:00:38"]

1. d4 Nf6 2. c4 c5 3. d5 b5 4. cxb5 a6 5. e3 e6 6. Nc3 Bb7 7. e4 d6 8. bxa6 Bxa6 9. Qa4+ Nfd7 10. dxe6 fxe6 11. Bc4 Qf6 12. Nf3 Be7 13. Bg5 Qf7 14. O-O O-O 15. Rad1 Nb6 16. Qc2 Nxc4 17. Rfe1 Nc6 18. b3 N4e5 19. Nxe5 dxe5 20. Bxe7 Qxe7 21. Na4 Nd4 22. Qxc5 Qg5 23. Rxd4 Rac8 24. Qa5 Rc2 25. Rdd1 Rcxf2 26. g3 Qh5 27. h4 Qf3 0-1


[Site "https://www.chess.com"]

[Event "Titled Tuesday Blitz December 27 Early 2022"]
[White "Jimenez Almeida, Luis David"]
[Black "Liyanage, Ranindu Dilshan"]
[WhiteFideId "22242244"]
[BlackFideId "9915834"]
[WhiteElo "2242"]
[BlackElo "2342"]
[Result "0-1"]
[Round "11"]
[TimeControl "180+2"]
[Date "2022.12.27"]
[WhiteClock "0:00:01"]
[BlackClock "0:00:04"]

1. e4 e6 2. Nf3 d5 3. Nc3 Nf6 4. e5 Nfd7 5. d4 c5 6. dxc5 Nxc5 7. Bf4 Nc6 8. Qd2 a6 9. a3 Qa5 10. Be2 b5 11. O-O b4 12. axb4 Qxb4 13. Rfd1 h6 14. h4 Be7 15. h5 Bb7 16. b3 Rd8 17. Nb1 Qb6 18. Bd3 Ne4 19. Qe2 Bc5 20. Bxe4 dxe4 21. Rxd8+ Kxd8 22. Nfd2 Nd4 23. Qd1 Ke7 24. Nc4 Qc7 25. c3 Nf5 26. Qg4 Rd8 27. Nbd2 Rd3 28. Re1 Bd5 29. Nxe4 Bxc4 30. bxc4 Ba3 31. Nd6 Nxd6 32. exd6+ Bxd6 33. Be3 Be5 34. c5 Rxc3 35. Qe4 Bf6 36. Bf4 Qc8 0-1


[Site "https://www.chess.com"]

[Event "Titled Tuesday Blitz December 27 Early 2022"]
[White "Jimenez, Joaquin"]
[Black "Prieto Aranguren, Alain"]
[WhiteFideId "109860"]
[BlackFideId "2268906"]
[WhiteElo "2195"]
[BlackElo "2258"]
[Result "1-0"]
[Round "11"]
[TimeControl "180+2"]
[Date "2022.12.27"]
[WhiteClock "0:01:41"]
[BlackClock "0:01:12"]

1. e4 c6 2. d3 d5 3. Nd2 g6 4. Ngf3 Bg7 5. Be2 Qa5 6. O-O Nh6 7. Nb3 Qd8 8. Bg5 O-O 9. h3 f6 10. Be3 Nf7 11. exd5 cxd5 12. d4 Nc6 13. c4 dxc4 14. Bxc4 Kh8 15. d5 Nce5 16. Nxe5 Nxe5 17. Be2 f5 18. f4 Nd7 19. Bf3 Nf6 20. Rc1 Ne4 21. Bd4 Qd6 22. Bxe4 fxe4 23. Bxg7+ Kxg7 24. Qd4+ Qf6 25. Qxe4 Bf5 26. Qe5 Rac8 27. Rxc8 Rxc8 28. Nd4 Rc4 29. Nxf5+ gxf5 30. Re1 Kf7 31. Qb8 Qd4+ 32. Kh1 Qf2 33. Qe5 Re4 34. Qxf5+ 1-0


[Site "https://www.chess.com"]

[Event "Titled Tuesday Blitz December 27 Early 2022"]
[White "Jobava, Baadur"]
[Black "Baskakov, Egor"]
[WhiteFideId "13601520"]
[BlackFideId "24197866"]
[WhiteElo "2578"]
[BlackElo "2215"]
[Result "1-0"]
[Round "11"]
[TimeControl "180+2"]
[Date "2022.12.27"]
[WhiteClock "0:01:02"]
[BlackClock "0:00:06"]

1. b3 Nf6 2. Bb2 e6 3. g3 Be7 4. Bg2 O-O 5. c4 d5 6. Nf3 b6 7. O-O Bb7 8. d4 c5 9. dxc5 dxc4 10. cxb6 Qxb6 11. Bd4 Qa6 12. bxc4 Rd8 13. Nbd2 Nc6 14. Bxf6 Bxf6 15. Rb1 Na5 16. Qa4 Bc6 17. Qa3 Re8 18. Rfc1 Bd8 19. c5 Qc8 20. Nb3 Nxb3 21. axb3 e5 22. b4 a6 23. Nd2 Bxg2 24. Kxg2 e4 25. Nc4 Bc7 26. Rd1 Qb7 27. e3 Rad8 28. Qc3 Rd3 29. Rxd3 exd3+ 30. Kg1 Rd8 31. Rd1 Qd5 32. Nb2 d2 33. Nc4 Qe4 34. Rxd2 Rc8 35. Qd3 Qa8 36. Qd5 Qb8 37. Nd6 Rf8 38. Qc4 Qa8 39. h4 h6 40. e4 Bxd6 41. cxd6 Qb7 42. d7 Rd8 43. Qd4 Qc6 44. Kg2 Kh8 45. Qd5 Qf6 46. Rd3 Kg8 47. Qd6 Qb2 48. Qe7 1-0


[Site "https://www.chess.com"]

[Event "Titled Tuesday Blitz December 27 Early 2022"]
[White "Kabanov, Nikolai"]
[Black "Oro, Faustino"]
[WhiteFideId "4127820"]
[BlackFideId "20000197"]
[WhiteElo "2429"]
[BlackElo "2269"]
[Result "1-0"]
[Round "11"]
[TimeControl "180+2"]
[Date "2022.12.27"]
[WhiteClock "0:01:05"]
[BlackClock "0:00:20"]

1. e4 c5 2. Nf3 d6 3. d4 cxd4 4. Nxd4 Nf6 5. Nc3 a6 6. Be2 e5 7. Nb3 Be7 8. O-O Be6 9. Qd3 O-O 10. Bd2 Nbd7 11. Nd5 Bxd5 12. exd5 Ne8 13. a4 f5 14. a5 Bg5 15. f4 Bxf4 16. Bxf4 exf4 17. Rxf4 Ne5 18. Qh3 Qg5 19. Raf1 g6 20. Nd4 Nc7 21. c4 Rae8 22. b3 Kg7 23. Qc3 Qf6 24. g4 Qg5 25. Qb4 Rf6 26. Qxb7 Re7 27. Kh1 Ref7 28. gxf5 Nb5 29. Qb6 Nd7 30. cxb5 Nxb6 31. axb6 axb5 32. Ne6+ Rxe6 33. dxe6 Rxf5 34. Rxf5 gxf5 35. Rg1 1-0


[Site "https://www.chess.com"]

[Event "Titled Tuesday Blitz December 27 Early 2022"]
[White "Kho, Darrell"]
[Black "Flis, Pawel"]
[WhiteFideId "1019317"]
[BlackFideId "1112864"]
[WhiteElo "2075"]
[BlackElo "1879"]
[Result "1-0"]
[Round "11"]
[TimeControl "180+2"]
[Date "2022.12.27"]
[WhiteClock "0:00:17"]
[BlackClock "0:00:08"]

1. e4 c5 2. Nf3 d6 3. d4 Nf6 4. Nc3 cxd4 5. Qxd4 a6 6. Be2 Nc6 7. Qe3 g6 8. O-O Bg7 9. h3 O-O 10. Rd1 Qc7 11. Qf4 b5 12. a3 Bb7 13. Qh4 Rfe8 14. Bh6 Bh8 15. Rac1 b4 16. axb4 Nxb4 17. e5 Nfd5 18. Nxd5 Nxd5 19. c4 Nb6 20. e6 f6 21. Bf4 Qc5 22. b4 Qh5 23. Qxh5 gxh5 24. Nd4 h4 25. Nf5 Be4 26. Nxh4 Rab8 27. Bh5 Rec8 28. f3 Bb7 29. Bf7+ Kf8 30. Nf5 Bg7 31. Rxd6 exd6 32. Bxd6# 1-0


[Site "https://www.chess.com"]

[Event "Titled Tuesday Blitz December 27 Early 2022"]
[White "Kilic, Eray"]
[Black "Toncheva, Nadya"]
[WhiteFideId "44517173"]
[BlackFideId "2924056"]
[WhiteElo "2414"]
[BlackElo "2295"]
[Result "1-0"]
[Round "11"]
[TimeControl "180+2"]
[Date "2022.12.27"]
[WhiteClock "0:00:17"]
[BlackClock "0:00:20"]

1. e4 c5 2. Nf3 e6 3. d4 cxd4 4. Nxd4 Nc6 5. Nc3 Qc7 6. g3 a6 7. Bg2 Nf6 8. O-O Be7 9. Re1 d6 10. Nxc6 bxc6 11. e5 Nd5 12. exd6 Bxd6 13. Nxd5 cxd5 14. Qxd5 Rb8 15. Qg5 O-O 16. c3 Bb7 17. Qg4 Bxg2 18. Kxg2 Rfd8 19. c4 Be5 20. Bg5 Rd4 21. Qe2 Bd6 22. b3 Qc6+ 23. Qf3 Qd7 24. Be3 Rd3 25. Rad1 Bb4 26. Rxd3 Qxd3 27. Rd1 Qc2 28. Rd7 Rf8 29. Rb7 a5 30. a3 Bxa3 31. c5 Qc3 32. c6 Bd6 33. Rd7 Qe5 34. Bf4 1-0


[Site "https://www.chess.com"]

[Event "Titled Tuesday Blitz December 27 Early 2022"]
[White "Kleiman, Jake"]
[Black "Rangel, Daniel"]
[WhiteFideId "2020041"]
[BlackFideId "2124475"]
[WhiteElo "2399"]
[BlackElo "2207"]
[Result "1-0"]
[Round "11"]
[TimeControl "180+2"]
[Date "2022.12.27"]
[WhiteClock "0:00:29"]
[BlackClock "0:00:07"]

1. e4 c5 2. c3 g6 3. d4 cxd4 4. cxd4 d5 5. e5 Bg7 6. Nc3 Nc6 7. h4 Nh6 8. h5 Nf5 9. h6 Bf8 10. Nf3 e6 11. g4 Nfe7 12. Bg5 Qb6 13. Qd2 Ng8 14. Be2 Be7 15. Nb5 Bb4 16. Nc3 Be7 17. Rd1 a6 18. Kf1 Bxg5 19. Nxg5 Nge7 20. Qf4 Qxb2 21. Qxf7+ Kd8 22. Rh3 Bd7 23. Na4 Qxa2 24. Nc5 Kc7 25. Ngxe6+ Bxe6 26. Nxe6+ Kb6 27. Rc3 Ka7 28. Rdc1 Rac8 29. Qf4 Rhe8 30. Qe3 Kb8 31. Ra3 Qb2 32. Rb3 Qa2 33. Rcb1 Na5 34. R3b2 Qa4 35. Nc5 Qc6 36. Bxa6 Ka7 37. Bxb7 Rb8 38. Bxc6 Rb7 39. Rxb7+ Nxb7 40. Rxb7+ Ka8 41. Kg1 1-0


[Site "https://www.chess.com"]

[Event "Titled Tuesday Blitz December 27 Early 2022"]
[White "Korchmar, Vasiliy"]
[Black "Pakleza, Zbigniew"]
[WhiteFideId "24131750"]
[BlackFideId "1119290"]
[WhiteElo "2438"]
[BlackElo "2494"]
[Result "1-0"]
[Round "11"]
[TimeControl "180+2"]
[Date "2022.12.27"]
[WhiteClock "0:00:03"]
[BlackClock "0:01:12"]

1. e4 d6 2. d4 Nf6 3. Nc3 c6 4. f4 Qb6 5. Nf3 Bg4 6. e5 Nd5 7. Nxd5 cxd5 8. c3 Nc6 9. Bd3 e6 10. h3 Bxf3 11. Qxf3 O-O-O 12. Qf2 Be7 13. Be3 Kb8 14. O-O g6 15. a4 Rc8 16. b4 Qd8 17. a5 f6 18. exf6 Bxf6 19. a6 b6 20. Kh1 Ne7 21. Bd2 Nf5 22. Qf3 h5 23. Rae1 Qd7 24. Re2 Bh4 25. Bxf5 gxf5 26. Be1 Bxe1 27. Rfxe1 Rh6 28. Kh2 h4 29. Re3 Rg8 30. R1e2 Rgg6 31. c4 dxc4 32. d5 e5 33. fxe5 dxe5 34. Rxe5 Rh8 35. Qf4 Qd6 36. Kh1 Rhg8 37. Qxf5 c3 38. Re8+ Kc7 39. Qc8# 1-0


[Site "https://www.chess.com"]

[Event "Titled Tuesday Blitz December 27 Early 2022"]
[White "Koridze, Lile"]
[Black "Dias, Joao Batista"]
[WhiteFideId "13612514"]
[BlackFideId "2108240"]
[WhiteElo "2191"]
[BlackElo "1796"]
[Result "1-0"]
[Round "11"]
[TimeControl "180+2"]
[Date "2022.12.27"]
[WhiteClock "0:01:40"]
[BlackClock "0:02:08"]

1. d4 d5 2. c4 Nf6 3. Nf3 c6 4. e3 Bf5 5. Nbd2 h6 6. Be2 e6 7. O-O Bd6 8. b3 O-O 9. h3 Nbd7 10. Bb2 Re8 11. Ne5 Bxe5 12. dxe5 Nh7 13. Nf3 Nhf8 14. Qd2 Bh7 15. Rfd1 Ng6 16. e4 Ne7 17. exd5 cxd5 18. Ba3 Nb6 19. Nd4 Rc8 20. Nb5 Rc6 21. Nd6 Rf8 22. Nxb7 Qc7 23. Nd6 Nf5 24. Nxf5 Bxf5 25. Bxf8 Kxf8 26. Qf4 Nd7 27. cxd5 exd5 28. Qxf5 Nxe5 29. Rxd5 1-0


[Site "https://www.chess.com"]

[Event "Titled Tuesday Blitz December 27 Early 2022"]
[White "Larina, Maria"]
[Black "Slaby, Jerzy"]
[WhiteFideId "24113182"]
[BlackFideId "1121405"]
[WhiteElo "1948"]
[BlackElo "2469"]
[Result "1-0"]
[Round "11"]
[TimeControl "180+2"]
[Date "2022.12.27"]
[WhiteClock "0:00:03"]
[BlackClock "0:00:08"]

1. e4 c5 2. Nc3 Nc6 3. g3 g6 4. Bg2 Bg7 5. d3 e6 6. Be3 d6 7. Nge2 Nge7 8. Qd2 O-O 9. Bh6 d5 10. Bxg7 Kxg7 11. O-O Rb8 12. a4 a6 13. exd5 exd5 14. d4 c4 15. Nf4 Be6 16. Rfe1 Qd6 17. Nce2 Bf5 18. c3 h5 19. h3 Rh8 20. h4 Bd7 21. Nh3 Bxh3 22. Bxh3 Nf5 23. Bxf5 gxf5 24. Nf4 Ne7 25. Qe2 Rbe8 26. Nxh5+ Kf8 27. Nf4 Rg8 28. Qe5 Qxe5 29. Rxe5 f6 30. Ne6+ Kf7 31. Ree1 Nc6 32. Nc7 Rd8 33. Kg2 Rge8 34. Nxe8 Rxe8 35. Rxe8 Kxe8 36. Re1+ Kf7 37. h5 Ne7 38. Rh1 Kg7 39. f3 Kh6 40. g4 fxg4 41. fxg4 f5 42. Kg3 Kg5 43. h6 f4+ 44. Kf3 Ng6 45. h7 Nh8 46. Rh5+ Kg6 47. Rxd5 Kxh7 48. Kxf4 Kg6 49. Rd6+ Kf7 50. Rd7+ Ke6 51. Rxb7 Kd5 52. Rb6 Nf7 53. Rxa6 Nd8 54. g5 Ne6+ 55. Kf5 Ng7+ 56. Kg6 Ne6 57. Kf6 Nc7 58. Ra7 Ne8+ 59. Ke7 Nd6 60. Rd7 1-0


[Site "https://www.chess.com"]

[Event "Titled Tuesday Blitz December 27 Early 2022"]
[White "Lenderman, Aleksandr"]
[Black "Martinez Alcantara, Jose Eduardo"]
[WhiteFideId "2021285"]
[BlackFideId "3805662"]
[WhiteElo "2572"]
[BlackElo "2619"]
[Result "1-0"]
[Round "11"]
[TimeControl "180+2"]
[Date "2022.12.27"]
[WhiteClock "0:00:27"]
[BlackClock "0:00:14"]

1. Nf3 c5 2. b3 Nf6 3. Bb2 e6 4. g3 b6 5. Bg2 Bb7 6. O-O Be7 7. c4 O-O 8. Nc3 d6 9. d4 Nbd7 10. Qd3 cxd4 11. Nxd4 Bxg2 12. Kxg2 Qc8 13. e4 Qb7 14. f3 a6 15. Rfd1 Rac8 16. Qe2 Rfe8 17. Rac1 Bf8 18. Qf2 Ne5 19. a4 Nfd7 20. f4 Ng6 21. Qf3 Nc5 22. b4 Nd7 23. Nce2 e5 24. Nf5 exf4 25. Nxf4 Nxf4+ 26. gxf4 Qxe4 27. Qxe4 Rxe4 28. Kf3 Re6 29. Bxg7 Bxg7 30. Rg1 Kf8 31. Rxg7 Nf6 32. Rgg1 Ne4 33. Rgd1 Rce8 34. Rd4 Rf6 35. Rxe4 Rxf5 36. Rxe8+ Kxe8 37. Kg4 Rf6 38. f5 d5 39. cxd5 Rd6 40. Rc6 Rxd5 41. Rxb6 a5 42. Kg5 Ke7 43. Rb7+ Kf8 44. Kf6 Rd6+ 45. Ke5 Rd1 46. bxa5 Kg7 47. a6 Re1+ 48. Kd4 Ra1 49. Rb4 Rd1+ 50. Kc5 Kf6 51. a7 Rd8 52. Rb8 Rd1 53. a8=Q Rc1+ 54. Kd4 Rd1+ 55. Ke3 Re1+ 56. Kf2 Rc1 57. Qa6+ Kg5 58. Rg8+ Kxf5 59. Qd3+ Ke6 60. Re8+ Kf6 61. Qf3+ Kg7 62. Qg4+ Kf6 63. Qf4+ Kg6 64. Rg8+ 1-0


[Site "https://www.chess.com"]

[Event "Titled Tuesday Blitz December 27 Early 2022"]
[White "Levitan, Caleb Levi"]
[Black "Delorme, Alban"]
[WhiteFideId "14332620"]
[BlackFideId "623636"]
[WhiteElo "2129"]
[BlackElo "2298"]
[Result "1-0"]
[Round "11"]
[TimeControl "180+2"]
[Date "2022.12.27"]
[WhiteClock "0:00:20"]
[BlackClock "0:00:14"]

1. e4 c5 2. Nf3 d6 3. d4 cxd4 4. Nxd4 Nf6 5. Nc3 a6 6. Bc4 e6 7. Bb3 Be7 8. g4 Nc6 9. g5 Nd7 10. f4 g6 11. Be3 h6 12. gxh6 Rxh6 13. f5 Bh4+ 14. Ke2 Bg5 15. Nxc6 bxc6 16. Qd2 Bxe3 17. Qxe3 Qh4 18. fxe6 Ne5 19. exf7+ Kf8 20. Raf1 Bg4+ 21. Kd2 a5 22. Qg3 Qg5+ 23. Qf4 Qh5 24. Qf6 a4 25. Qxd6+ Kg7 26. f8=Q+ Rxf8 27. Qxf8+ Kh7 28. Qg8# 1-0


[Site "https://www.chess.com"]

[Event "Titled Tuesday Blitz December 27 Early 2022"]
[White "Lorenzo De La Riva, Lazaro"]
[Black "Iljin, Timofey"]
[WhiteFideId "2268809"]
[BlackFideId "14110180"]
[WhiteElo "2404"]
[BlackElo "2329"]
[Result "1-0"]
[Round "11"]
[TimeControl "180+2"]
[Date "2022.12.27"]
[WhiteClock "0:00:43"]
[BlackClock "0:00:01"]

1. b3 f5 2. Bb2 Nf6 3. g3 d6 4. Bg2 e5 5. c4 g6 6. d3 Bg7 7. e3 O-O 8. Ne2 Nc6 9. O-O Qe8 10. Nbc3 h6 11. Nd5 Nxd5 12. cxd5 Ne7 13. Rc1 c6 14. dxc6 bxc6 15. b4 Be6 16. a4 Bd5 17. e4 Be6 18. d4 Qf7 19. exf5 gxf5 20. dxe5 dxe5 21. Rc5 Bd5 22. b5 Bxg2 23. Kxg2 f4 24. f3 Nd5 25. Bc1 Rad8 26. Qc2 cxb5 27. axb5 Kh8 28. Qe4 Nf6 29. Qf5 Qa2 30. Rc2 Qb3 31. Rb2 Qa4 32. b6 axb6 33. Qxe5 Nd5 34. Qh5 Bxb2 35. Bxb2+ Kh7 36. Qe5 Ne3+ 37. Kh1 Qd7 38. Rc1 Rde8 39. Rc7 Rxe5 40. Rxd7+ Kg6 41. Bxe5 Ra8 42. Nxf4+ Kf5 43. Bd4 Nc4 44. Ne2 1-0


[Site "https://www.chess.com"]

[Event "Titled Tuesday Blitz December 27 Early 2022"]
[White "Makarian, Rudik"]
[Black "Cardoso Cardoso, Jose Gabriel"]
[WhiteFideId "44105681"]
[BlackFideId "4430492"]
[WhiteElo "2545"]
[BlackElo "2492"]
[Result "1-0"]
[Round "11"]
[TimeControl "180+2"]
[Date "2022.12.27"]
[WhiteClock "0:00:13"]
[BlackClock "0:00:02"]

1. f4 g5 2. fxg5 e5 3. d4 e4 4. d5 Bc5 5. Nc3 Qe7 6. Bf4 d6 7. Qd2 Bf5 8. Be3 Nd7 9. O-O-O h6 10. gxh6 Nxh6 11. h3 O-O-O 12. Bxc5 Nxc5 13. e3 Ng4 14. Re1 Rdg8 15. Kb1 Ne5 16. Qf2 Bd7 17. Rd1 Qh4 18. Qd2 Ng4 19. b4 Na4 20. Nxe4 f5 21. hxg4 Qxh1 22. Nf6 Qxg1 23. Nxd7 Nb6 24. Nxb6+ axb6 25. Bd3 Qh2 26. Bxf5+ Kb8 27. Kb2 Re8 28. e4 Qe5+ 29. Qc3 Rh2 30. Qxe5 Rxe5 31. Rd2 Re7 32. g5 Rg7 33. g6 Rh5 34. g4 Rg5 35. Rg2 b5 36. Kc3 c6 37. Kd4 Kc7 38. dxc6 bxc6 39. Ke3 Kd8 40. Kf4 R5xg6 41. Bxg6 Rxg6 42. g5 Ke7 43. Rh2 Rg8 44. Rh7+ Ke6 45. Rh6+ Ke7 46. Kf5 Rf8+ 47. Rf6 Rh8 48. Re6+ Kd7 49. Rh6 Rf8+ 50. Rf6 Re8 51. Rf7+ Kd8 52. g6 Re5+ 53. Kf6 Rxe4 54. g7 Rf4+ 55. Ke6 Re4+ 56. Kxd6 Rd4+ 57. Kxc6 Rc4+ 58. Kxb5 1-0


[Site "https://www.chess.com"]

[Event "Titled Tuesday Blitz December 27 Early 2022"]
[White "Makhmudov, Shukhrat"]
[Black "Adel, Sara"]
[WhiteFideId "14200775"]
[BlackFideId "10616764"]
[WhiteElo "2115"]
[BlackElo "1739"]
[Result "0-1"]
[Round "11"]
[TimeControl "180+2"]
[Date "2022.12.27"]
[WhiteClock "0:00:17"]
[BlackClock "0:00:37"]

1. e4 c6 2. d4 d5 3. Nc3 dxe4 4. Nxe4 Bf5 5. Ng3 Bg6 6. Nh3 Nf6 7. Nf4 Nbd7 8. h4 e5 9. dxe5 Qa5+ 10. Bd2 Qxe5+ 11. Be2 O-O-O 12. h5 Be4 13. Qc1 Bc5 14. h6 g5 15. Nfh5 Bxg2 16. Rh2 Bf3 17. Bc3 Qe6 18. Ng7 Qg4 19. Bxf3 Qxf3 20. Qxg5 Ng4 21. Rh4 Bxf2+ 22. Kd2 Nde5+ 0-1


[Site "https://www.chess.com"]

[Event "Titled Tuesday Blitz December 27 Early 2022"]
[White "Marjanovic, Annamaria"]
[Black "Vakhlamov, Igor L."]
[WhiteFideId "750930"]
[BlackFideId "24126748"]
[WhiteElo "2273"]
[BlackElo "2413"]
[Result "0-1"]
[Round "11"]
[TimeControl "180+2"]
[Date "2022.12.27"]
[WhiteClock "0:00:07"]
[BlackClock "0:00:16"]

1. d4 d5 2. c4 c6 3. g3 Nf6 4. Bg2 dxc4 5. Nf3 g6 6. O-O Bg7 7. Qc2 Be6 8. Nbd2 O-O 9. Nxc4 Na6 10. Bd2 Bd5 11. Nce5 Nc7 12. e3 Nb5 13. Bb4 a5 14. Bd2 Nd6 15. Nd3 Rc8 16. Nfe5 Bxg2 17. Kxg2 Nd5 18. f3 Re8 19. e4 Nb4 20. Nxb4 axb4 21. Rfd1 Nb5 22. Be3 e6 23. Qc4 Qa5 24. Nd3 Red8 25. Nc5 Qa7 26. Qxb4 Bf8 27. a4 Nc7 28. Bg5 b6 29. Bxd8 Rxd8 30. Qc4 bxc5 31. dxc5 Rb8 32. b4 Na6 33. b5 Nxc5 34. Rd2 cxb5 35. Qa2 bxa4 36. Rc1 Nb3 37. Rcd1 Nxd2 38. Rxd2 a3 39. Rd3 Rb2+ 0-1


[Site "https://www.chess.com"]